MLB
KANSAS CITY ROYALS @ CHICAGO WHITE SOX
08/02/2018
 
TOP OF THE 1ST
Kansas City Royals batting - Pitching for Chicago White Sox : RHP Brad Peacock
Pitching: RHP Brad Peacock
Batting: LHB Jesse Winker 0-0: Ball
1-0: Ball
2-0: Foul Ball, location: 2F
2-1: Fly out, F9 (Line Drive, 9)
Batting: LHB Joe Mauer 0-0: Fly out, F8 (Line Drive, 8LM)
Batting: RHB Nolan Arenado 0-0: Ground out 6-3 (Groundball, 6)
Top of the 1st over - 0 runs, 0 hits, 0 errors, 0 left on base; Kansas City 0 - Chicago 0
BOTTOM OF THE 1ST
Chicago White Sox batting - Pitching for Kansas City Royals : LHP Gio Gonzalez
Pitching: LHP Gio Gonzalez
Batting: RHB Justin Turner 0-0: Ball
1-0: Ball
2-0: Foul Ball, location: 2F
2-1: Swinging Strike
2-2: Ball
3-2: Foul Ball, location: 2F
3-2: Strikes out swinging
Batting: LHB Michael Brantley 0-0: Called Strike
0-1: Foul Ball, location: 2F
0-2: Ball
1-2: Ball
2-2: Ball
3-2: Foul Ball, location: 2F
3-2: Base on Balls
Batting: LHB Charlie Blackmon 0-0: Ball
1-0: Ball
2-0: Ball
3-0: Called Strike
3-1: SINGLE (Groundball, 34D)
Michael Brantley to second
Runner from 2nd tries for 3rd, SAFE, throw by RF made to third
Batting: RHB J.D. Martinez 0-0: Fielders Choice at 2nd, 1-6 (Groundball, 34S)
Batting: LHB Daniel Murphy 0-0: Called Strike
0-1: Called Strike
0-2: Fly out, F8 (Flyball, 78XD)
Bottom of the 1st over - 0 runs, 1 hit, 0 errors, 2 left on base; Kansas City 0 - Chicago 0
TOP OF THE 2ND
Kansas City Royals batting - Pitching for Chicago White Sox : RHP Brad Peacock
Batting: LHB Lonnie Chisenhall 0-0: Swinging Strike
0-1: Swinging Strike
0-2: Strikes out looking
Batting: LHB Luis Valbuena 0-0: Ball
1-0: Ball
2-0: Ball
3-0: Called Strike
3-1: Called Strike
3-2: Fly out, F9 (Flyball, 9)
Batting: RHB Ian Kinsler 0-0: Ball
1-0: Swinging Strike
1-1: Foul Ball, location: 2F
1-2: Foul Ball, location: 2F
1-2: Foul Ball, location: 2F
1-2: DOUBLE (Line Drive, 7LD)
Batting: LHB Odubel Herrera 0-0: Ball
1-0: Called Strike
1-1: Ball
2-1: Ball
3-1: Foul Ball, location: 2F
3-2: Base on Balls
Batting: SHB Jurickson Profar 0-0: Ball
1-0: Ball
2-0: Ground out 1-3 (Groundball, 34S)
Top of the 2nd over - 0 runs, 1 hit, 0 errors, 2 left on base; Kansas City 0 - Chicago 0
BOTTOM OF THE 2ND
Chicago White Sox batting - Pitching for Kansas City Royals : LHP Gio Gonzalez
Batting: RHB Jonathan Lucroy 0-0: Foul Ball, location: 2F
0-1: Called Strike
0-2: Ball
1-2: Fly out, F8 (Flyball, 8LD)
Batting: LHB Corey Seager 0-0: Ball
1-0: Ball
2-0: Called Strike
2-1: Ball
3-1: Base on Balls
Batting: LHB Brandon Belt 0-0: Foul Ball, location: 2F
0-1: SINGLE (Line Drive, 89S)
Corey Seager to second
Batting: LHB Andrew Toles 0-0: Ball
1-0: Ball
2-0: Swinging Strike
2-1: Foul Ball, location: 2F
2-2: Strikes out looking
Batting: RHB Justin Turner 0-0: Ground out 3-1 (Groundball, 34)
Bottom of the 2nd over - 0 runs, 1 hit, 0 errors, 2 left on base; Kansas City 0 - Chicago 0
TOP OF THE 3RD
Kansas City Royals batting - Pitching for Chicago White Sox : RHP Brad Peacock
Batting: RHB Kevin Plawecki 0-0: Ground out U3 (Groundball, 3)
Batting: LHB Jesse Winker 0-0: Swinging Strike
0-1: Called Strike
0-2: Ground out 1-3 (Groundball, 13)
Batting: LHB Joe Mauer 0-0: Ball
1-0: Called Strike
1-1: Ball
2-1: Foul Ball, location: 2F
2-2: Foul Ball, location: 2F
2-2: Ball
3-2: Base on Balls
Batting: RHB Nolan Arenado 0-0: Ball
1-0: Ball
2-0: Ball
3-0: Foul Ball, location: 2F
3-1: Base on Balls
Joe Mauer to second
Batting: LHB Lonnie Chisenhall 0-0: Foul Ball, location: 2F
0-1: Swinging Strike
0-2: Strikes out looking
Top of the 3rd over - 0 runs, 0 hits, 0 errors, 2 left on base; Kansas City 0 - Chicago 0
BOTTOM OF THE 3RD
Chicago White Sox batting - Pitching for Kansas City Royals : LHP Gio Gonzalez
Batting: LHB Michael Brantley 0-0: Foul Ball, location: 2F
0-1: Foul Ball, location: 2F
0-2: Ball
1-2: Fly out, F5 (Line Drive, 5)
Batting: LHB Charlie Blackmon 0-0: Called Strike
0-1: Ground out 4-3 (Groundball, 4)
Batting: RHB J.D. Martinez 0-0: Foul Ball, location: 2F
0-1: Ball
1-1: Ball
2-1: SOLO HOME RUN (Line Drive, 78XD), Distance : 427 ft
Batting: LHB Daniel Murphy 0-0: Ball
1-0: Ball
2-0: Fly out, F8 (Flyball, 8LD)
Bottom of the 3rd over - 1 run, 1 hit, 0 errors, 0 left on base; Kansas City 0 - Chicago 1
TOP OF THE 4TH
Kansas City Royals batting - Pitching for Chicago White Sox : RHP Brad Peacock
Batting: LHB Luis Valbuena 0-0: Swinging Strike
0-1: Called Strike
0-2: Strikes out swinging
Batting: RHB Ian Kinsler 0-0: Swinging Strike
0-1: Ball
1-1: Ball
2-1: Ball
3-1: Foul Ball, location: 2F
3-2: Base on Balls
Batting: LHB Odubel Herrera 0-0: Fly out, F8 (Flyball, 8RS)
Batting: SHB Jurickson Profar 0-0: Ball
1-0: Foul Ball, location: 2F
1-1: Called Strike
1-2: Ball
2-2: Strikes out swinging
Top of the 4th over - 0 runs, 0 hits, 0 errors, 1 left on base; Kansas City 0 - Chicago 1
BOTTOM OF THE 4TH
Chicago White Sox batting - Pitching for Kansas City Royals : LHP Gio Gonzalez
Batting: RHB Jonathan Lucroy 0-0: SINGLE (Line Drive, 9S)
Batting: LHB Corey Seager 0-0: Called Strike
0-1: Ball
1-1: Fly out, F7 (Flyball, 7D)
Batting: LHB Brandon Belt 0-0: Foul Ball, location: 2F
0-1: Foul Ball, location: 2F
0-2: Ball
1-2: Fly out, F9 (Line Drive, 9)
Batting: LHB Andrew Toles 0-0: Fly out, F8 (Line Drive, 8LD)
Bottom of the 4th over - 0 runs, 1 hit, 0 errors, 1 left on base; Kansas City 0 - Chicago 1
TOP OF THE 5TH
Kansas City Royals batting - Pitching for Chicago White Sox : RHP Brad Peacock
Batting: RHB Kevin Plawecki 0-0: Called Strike
0-1: Swinging Strike
0-2: Foul Ball, location: 2F
0-2: Ball
1-2: Ball
2-2: Ball
3-2: Strikes out swinging
Pitching: RHP Colby Lewis
Batting: LHB Jesse Winker 0-0: Called Strike
0-1: Foul Ball, location: 2F
0-2: Fly out, F7 (Flyball, 7S)
Batting: LHB Joe Mauer 0-0: Ball
1-0: SINGLE (Groundball, 3D)
Batting: RHB Nolan Arenado 0-0: Foul Ball, location: 2F
0-1: Ball
1-1: Ball
2-1: Called Strike
2-2: Fly out, F7 (Flyball, 7LSF)
Top of the 5th over - 0 runs, 1 hit, 0 errors, 1 left on base; Kansas City 0 - Chicago 1
BOTTOM OF THE 5TH
Chicago White Sox batting - Pitching for Kansas City Royals : LHP Gio Gonzalez
Batting: RHB Justin Turner 0-0: SINGLE (Groundball, 56D)
Batting: LHB Michael Brantley 0-0: Ball
1-0: Foul Ball, location: 2F
1-1: SINGLE (Groundball, 34D)
Justin Turner to second
Runner from 2nd tries for 3rd, SAFE, no throw by RF
Batting: LHB Charlie Blackmon 0-0: Called Strike
0-1: Called Strike
0-2: Ball
1-2: Ball
2-2: Foul Ball, location: 2F
2-2: Fielders Choice at 2nd, 2-6 (Groundball, 13S)
Batting: RHB J.D. Martinez 0-0: Called Strike
0-1: Foul Ball, location: 2F
0-2: Foul Ball, location: 2F
0-2: 3-RUN HOME RUN (Flyball, 9D), Distance : 360 ft
Batting: LHB Daniel Murphy 0-0: Swinging Strike
0-1: Called Strike
0-2: Ball
1-2: Ground out 4-3 (Groundball, 34)
Batting: RHB Jonathan Lucroy 0-0: Called Strike
0-1: Called Strike
0-2: Ball
1-2: DOUBLE (Line Drive, 3D)
Batting: LHB Corey Seager 0-0: Swinging Strike
0-1: Called Strike
0-2: Ball
1-2: Foul Ball, location: 2F
1-2: Ball
2-2: Strikes out looking
Bottom of the 5th over - 3 runs, 4 hits, 0 errors, 1 left on base; Kansas City 0 - Chicago 4
TOP OF THE 6TH
Kansas City Royals batting - Pitching for Chicago White Sox : RHP Colby Lewis
Batting: LHB Lonnie Chisenhall 0-0: Foul Ball, location: 2F
0-1: Called Strike
0-2: Ball
1-2: Foul Ball, location: 2F
1-2: Fly out, F8 (Flyball, 89XD)
Batting: LHB Luis Valbuena 0-0: Ball
1-0: Ball
2-0: Ball
3-0: Foul Ball, location: 2F
3-1: SINGLE (Line Drive, 78S)
Batting: RHB Ian Kinsler 0-0: Swinging Strike
0-1: Ball
1-1: Foul Ball, location: 2F
1-2: Strikes out swinging
Batting: LHB Odubel Herrera 0-0: Ball
1-0: Foul Ball, location: 2F
1-1: Foul Ball, location: 2F
1-2: Ball
2-2: Ball
3-2: Strikes out swinging
Top of the 6th over - 0 runs, 1 hit, 0 errors, 1 left on base; Kansas City 0 - Chicago 4
BOTTOM OF THE 6TH
Chicago White Sox batting - Pitching for Kansas City Royals : LHP Gio Gonzalez
Pitching: RHP David Hernandez
Batting: LHB Brandon Belt 0-0: Ball
1-0: Ball
2-0: Ball
3-0: Base on Balls
Batting: LHB Andrew Toles 0-0: Called Strike
Brandon Belt steals 2nd base
0-1: Foul Ball, location: 2F
0-2: Ground out 4-3 (Groundball, 4)
Brandon Belt to third
Batting: RHB Justin Turner 0-0: Fly out, F7 (Flyball, 7LDF)
Runner from 3rd tags up, SCORES, throw by LF
Batting: LHB Michael Brantley 0-0: Foul Ball, location: 2F
0-1: Called Strike
0-2: SINGLE (Groundball, 6M) (infield hit)
Batting: LHB Charlie Blackmon 0-0: Ball
1-0: Called Strike
1-1: Foul Ball, location: 2F
1-2: Ground out 4-3 (Groundball, 4)
Bottom of the 6th over - 1 run, 1 hit, 0 errors, 1 left on base; Kansas City 0 - Chicago 5
TOP OF THE 7TH
Kansas City Royals batting - Pitching for Chicago White Sox : RHP Colby Lewis
Batting: SHB Jurickson Profar 0-0: Ball
1-0: Foul Ball, location: 2F
1-1: Ball
2-1: Foul Ball, location: 2F
2-2: Fly out, F8 (Line Drive, 8LM)
Batting: RHB Kevin Plawecki 0-0: Ball
1-0: Ground out 6-3 (Groundball, 6)
Batting: LHB Jesse Winker 0-0: Ball
1-0: Ball
2-0: Foul Ball, location: 2F
2-1: Fly out, F7 (Flyball, 78S)
Top of the 7th over - 0 runs, 0 hits, 0 errors, 0 left on base; Kansas City 0 - Chicago 5
BOTTOM OF THE 7TH
Chicago White Sox batting - Pitching for Kansas City Royals : RHP David Hernandez
Batting: RHB J.D. Martinez 0-0: Swinging Strike
0-1: Ball
1-1: Ball
2-1: Ball
3-1: Base on Balls
Batting: LHB Daniel Murphy 0-0: Foul Ball, location: 2F
0-1: Swinging Strike
0-2: SINGLE (Groundball, 3D)
J.D. Martinez to second
Runner from 2nd tries for 3rd, SAFE, no throw by RF
Pitching: RHP Kelvin Herrera
Batting: RHB Jonathan Lucroy 0-0: Foul Ball, location: 2F
0-1: Foul Ball, location: 2F
0-2: DOUBLE (Line Drive, 3D)
J.D. Martinez scores
Daniel Murphy to third
Batting: LHB Corey Seager 0-0: Ground out 6-3 (Groundball, 6M)
Daniel Murphy scores
Jonathan Lucroy to third
Pinch Hitting: RHB Brandon Phillips 0-0: Called Strike
0-1: Foul Ball, location: 2F
0-2: Strikes out swinging
Batting: LHB Andrew Toles 0-0: Called Strike
0-1: Called Strike
0-2: Foul Ball, location: 2F
0-2: Foul Ball, location: 2F
0-2: Ball
1-2: Fly out, F8 (Flyball, 8LXD)
Bottom of the 7th over - 2 runs, 2 hits, 0 errors, 1 left on base; Kansas City 0 - Chicago 7
TOP OF THE 8TH
Kansas City Royals batting - Pitching for Chicago White Sox : RHP Colby Lewis
Now at 2B: Marco Hernandez
Batting: LHB Joe Mauer 0-0: Ball
1-0: Foul Ball, location: 2F
1-1: Foul Ball, location: 2F
1-2: DOUBLE (Line Drive, 9LM)
Batting: RHB Nolan Arenado 0-0: Ball
1-0: Called Strike
1-1: Ball
2-1: Called Strike
2-2: Strikes out looking
Batting: LHB Lonnie Chisenhall 0-0: Called Strike
0-1: SINGLE (Groundball, 4) (infield hit)
Joe Mauer to third
Pitching: LHP Dillon Peters
Batting: LHB Luis Valbuena 0-0: Foul Ball, location: 2F
0-1: Called Strike
0-2: Ball
1-2: Ball
2-2: Fielders Choice at 2nd, 1-6 (Groundball, 34S)
Batting: RHB Ian Kinsler 0-0: Ball
1-0: Ball
2-0: Called Strike
2-1: Foul Ball, location: 2F
2-2: Fielders Choice at 2nd, 6-4 (Groundball, 6)
Top of the 8th over - 0 runs, 2 hits, 0 errors, 2 left on base; Kansas City 0 - Chicago 7
BOTTOM OF THE 8TH
Chicago White Sox batting - Pitching for Kansas City Royals : RHP Kelvin Herrera
Batting: RHB Justin Turner 0-0: Called Strike
0-1: Foul Ball, location: 2F
0-2: Ball
1-2: Foul Ball, location: 2F
1-2: Ball
2-2: SINGLE (Groundball, 34D)
Batting: LHB Michael Brantley 0-0: Ball
1-0: Ball
2-0: Called Strike
2-1: Foul Ball, location: 2F
2-2: Foul Ball, location: 2F
2-2: SINGLE (Groundball, 4MD)
Justin Turner to second
Pitching: RHP Adam Ottavino
Batting: LHB Charlie Blackmon 0-0: Ball
1-0: Ball
2-0: Swinging Strike
2-1: SINGLE (Line Drive, 9S)
Justin Turner to third
Michael Brantley to second
Batting: RHB J.D. Martinez 0-0: Ball
1-0: Ball
2-0: GRAND SLAM HOME RUN (Flyball, 9LD), Distance : 363 ft
Batting: LHB Daniel Murphy 0-0: Swinging Strike
0-1: Ball
1-1: Ball
2-1: Foul Ball, location: 2F
2-2: Ball
3-2: Base on Balls
Batting: RHB Jonathan Lucroy 0-0: Called Strike
0-1: Ball
1-1: Ball
2-1: Fly out, F9 (Flyball, 89M)
Batting: LHB Corey Seager 0-0: Ball
1-0: Ball
2-0: Called Strike
2-1: Foul Ball, location: 2F
2-2: Ball
3-2: Foul Ball, location: 2F
3-2: Foul Ball, location: 2F
3-2: Foul Ball, location: 2F
3-2: Fly out, F6 (Flyball, 56D)
Batting: LHB Marco Hernandez 0-0: Called Strike
0-1: Foul Ball, location: 2F
0-2: Foul Ball, location: 2F
0-2: Foul Ball, location: 2F
0-2: Foul Ball, location: 2F
0-2: Ball
1-2: Ground out 4-3 (Groundball, 4)
Bottom of the 8th over - 4 runs, 4 hits, 0 errors, 1 left on base; Kansas City 0 - Chicago 11
TOP OF THE 9TH
Kansas City Royals batting - Pitching for Chicago White Sox : LHP Dillon Peters
Batting: LHB Odubel Herrera 0-0: Ball
1-0: Called Strike
1-1: Swinging Strike
1-2: Foul Ball, location: 2F
1-2: SINGLE (Groundball, 4MD)
Batting: SHB Jurickson Profar 0-0: Swinging Strike
0-1: Ball
1-1: Ball
2-1: Foul Ball, location: 2F
2-2: Grounds into double play, 6-4-3 (Groundball, 56)
Batting: RHB Kevin Plawecki 0-0: Ball
1-0: Ball
2-0: Ball
3-0: Hit by Pitch
Batting: LHB Jesse Winker 0-0: Ball
1-0: Ground out 4-3 (Groundball, 4)
Top of the 9th over - 0 runs, 1 hit, 0 errors, 1 left on base; Kansas City 0 - Chicago 11
Sunday, October 7th, 2018 - OOTP Baseball 19.8 Build 79